AoeStats
← Scarecrow

Arabia

510733865Analyzed
2v2 RM · 1d ago on Oct 2, 2026· 83m 13s· 4 players
Game mode
Random Map
Map size
Medium (4 player)
Population
200
Speed
Normal
Resources
Standard
Victory
Conquest
Starting age
Dark Age
Ending age
Imperial Age
RankedLock teamsTeams togetherTeam positionsShared explorationLock speedFull tech treeHidden civsTurbo modeCheats
Victory
Defeat
🇰🇷 Franks · South Korea
1086
+44
🇦🇺 Mongols · Australia
1064
+19
🇫🇷 Franks · France
1144
-19
🇫🇷 Shu · France
1123
-18
El-Ziston
4:51 Loom
11:22 Feudal Age
15:16 Double-Bit Axe
19:27 Castle Age
18:19 Gold Mining
18:13 Horse Collar
20:06 Fletching
20:17 Padded Archer Armor
19:41 Crossbowman
20:29 Thumb Ring
21:06 Bow Saw
24:47 Bodkin Arrow
25:08 Leather Archer Armor
24:50 Pikeman
26:19 Forging
26:33 Squires
27:03 Ballistics
26:56 Gambesons
30:18 Scale Mail Armor
33:23 Scale Barding Armor
33:46 Chain Mail Armor
40:38 Elite Skirmisher
44:10 Gold Shaft Mining
47:06 Imperial Age
45:14 Wheelbarrow
46:50 Hand Cart
46:24 Town Watch
47:16 Stone Mining
47:07 Arbalester
47:53 Bracer
49:57 Heavy Plow
50:34 Ring Archer Armor
51:19 Chemistry
50:08 Halberdier
54:12 Plate Mail Armor
60:46 Two-Man Saw
60:30 Arson
61:50 Conscription
Kaila
10:23 Feudal Age
12:19 Loom
14:52 Castle Age
27:07 Pikeman
29:00 Gold Mining
28:58 Double-Bit Axe
28:59 Crossbowman
30:42 Fletching
30:52 Padded Archer Armor
39:47 Forging
39:44 Scale Barding Armor
41:36 Iron Casting
41:12 Husbandry
41:57 Chain Barding Armor
48:45 Imperial Age
49:10 Cavalier
50:55 Blast Furnace
50:30 Plate Barding Armor
53:17 Halberdier
57:14 Paladin
Scarecrow
9:59 Feudal Age
9:02 Loom
11:00 Double-Bit Axe
15:53 Gold Mining
18:50 Wheelbarrow
22:14 Castle Age
20:49 Scale Mail Armor
22:25 Forging
23:17 Wheelbarrow
23:02 Pikeman
23:43 Squires
23:54 Town Watch
24:46 Chain Mail Armor
26:05 Scale Barding Armor
27:01 Husbandry
31:12 Fletching
31:45 Chain Barding Armor
36:21 Hand Cart
38:00 Iron Casting
37:23 Bodkin Arrow
41:35 Imperial Age
42:24 Heavy Mounted Crossbowman
42:25 Cranequins
42:53 Cavalier
44:19 Plate Barding Armor
44:55 Halberdier
47:58 Blast Furnace
47:02 Padded Archer Armor
49:30 Gold Shaft Mining
48:46 Stone Mining
49:13 Paladin
52:10 Leather Archer Armor
54:12 Caravan
68:47 Elite Skirmisher
76:27 Coinage
Raznaz
11:07 Feudal Age
9:22 Loom
11:50 Double-Bit Axe
11:48 Horse Collar
20:44 Castle Age
20:53 Forging
22:22 Bloodlines
22:54 Wheelbarrow
22:33 Bow Saw
22:25 Heavy Plow
22:28 Gold Mining
24:32 Iron Casting
26:02 Husbandry
27:58 Scale Barding Armor
29:56 Town Watch
30:12 Stone Mining
32:00 Elite Skirmisher
32:37 Fletching
32:49 Padded Archer Armor
33:45 Bodkin Arrow
37:20 Thumb Ring
41:17 Imperial Age
40:04 Gold Shaft Mining
40:06 Stone Shaft Mining
41:32 Ballistics
41:49 Hand Cart
42:09 Leather Archer Armor
41:22 Light Cavalry
43:15 Bracer
44:53 Chemistry
44:38 Hussar
50:37 Blast Furnace
49:57 Chain Barding Armor
53:13 Caravan
60:05 Scale Mail Armor
59:32 Elite Mangudai
Connection lost

Rejoining the realm…

Still unreachable

The connection could not be restored.

Session expired

The server has moved on; the page needs a fresh start.